 Dungeon Crawl Stone Soup version 0.26.1-11-gd32895ea62 (webtiles) character file.

Game seed: 15000112958043860499

72 Zeld the Sneak (level 4, -4/29 HPs)
             Began as an Octopode Brigand on May 16, 2021.
             Shot with a stone by a goblin (8 damage)
             ... led by Robin
             ... on level 2 of the Dungeon.
             The game lasted 00:01:24 (1284 turns).

Zeld the Sneak (Octopode Brigand)                   Turns: 1284, Time: 00:01:25

Health: -4/29      AC:  1    Str: 11    XL:     4   Next: 25%
Magic:  6/6        EV: 13    Int: 13    God:
Gold:   43         SH:  0    Dex: 13    Spells: 6/6 levels left

rFire    . . .     SeeInvis .   a - +2 dagger
rCold    . . .     Faith    .   (no shield)
rNeg     . . .     Spirit   .   (helmet restricted)
rPois    .         Reflect  .   (no amulet)
rElec    .         Harm     .   (no ring)
rCorr    .         Rampage  .   (no ring)
Will     .....                  (no ring)
Stlth    ++++......             (no ring)
HPRegen  0.09/turn              (no ring)
MPRegen  0.10/turn              (no ring)
                                (no ring)
                                (no ring)

@: no status effects
A: almost no armour, stealthy swim, amphibious, 8 rings, constrict 8, camouflage
1, gelatinous body 1
a: no special abilities


You were on level 2 of the Dungeon.
You visited 1 branch of the dungeon, and saw 2 of its levels.

You collected 43 gold pieces.

Inventory:

Hand Weapons
 a - a +2 dagger (weapon)
Missiles
 b - 8 poisoned darts (quivered)
 c - 2 curare-tipped darts
Scrolls
 d - 2 scrolls of identify {unknown}
 e - a scroll of enchant weapon {unknown}


   Skills:
 - Level 2.0 Fighting
 - Level 2.0 Short Blades
 * Level 3.8 Throwing
 - Level 1.0 Dodging
 - Level 5.3 Stealth
 + Level 1.7 Spellcasting


You had 6 spell levels left.
You didn't know any spells.
Your spell library was empty.

Dungeon Overview and Level Annotations

Branches:
Dungeon (2/15)

Altars:
Elyvilon

Annotations:
D:2 Robin


Innate Abilities, Weirdness & Mutations

You cannot wear most types of armour.
You are very stealthy in the water. (Stealth+)
You are amphibious.
You can wear up to eight rings at the same time.
You can use your tentacles to constrict eight enemies at once.
Your skin changes colour to match your surroundings (Stealth+).
Your rubbery body absorbs attacks. (AC +1, EV +1)


Message History

The goblin shoots a stone.
The stone barely misses you. Robin throws the goblin at you!
Things that are here:
a +0 dagger; a goblin corpse You hit the goblin.
You kill the goblin!
The goblin shoots a stone.
The stone hits you. Robin throws the goblin at you!
The goblin shoots a stone.
The stone hits you.
Things that are here:
a stone; a +0 club You hit the goblin.
Your grab misses the goblin.
The goblin is severely wounded.
The goblin unwields a +0 hunting sling.
The goblin hits you.
* * * LOW HITPOINT WARNING * * *
The goblin shoots a stone.
The stone misses you.
The stone hits the goblin.
The goblin dies!
Things that are here:
a +0 hunting sling; 11 stones; a goblin corpse The goblin shoots a stone.
The stone hits you!
You die...

##########
#........######
#########........##...#
.................##...#
.................##...#
.................##...###
.>....)(..............'.#
......................#.#
........@........##.#.#..
#.#####)#.#.........#.##.
#(#.##.########.##.
#(#...... #(##.
#(####.### #.#.. #g#
#.#.# #g# ## #.#.#
#........ ....#.#.#
......... .........


You could see Robin and a goblin (strong).

Vanquished Creatures
  3 adders (D:2)
  A dart slug (D:1)
  2 leopard geckos
  4 giant cockroaches (D:1)
  6 goblins (D:2)
  6 hobgoblins
  A quokka (D:2)
  4 bats
  4 frilled lizards
  5 kobolds
  A rat (D:2)
37 creatures vanquished.

Vanquished Creatures (others)
  2 goblins (D:2)
2 creatures vanquished.

Grand Total: 39 creatures vanquished

Notes
Turn   | Place    | Note
-------+----------+-------------------------------------------
     0 | D:1      | Zeld the Octopode Brigand began the quest for the Orb.
     0 | D:1      | Reached XP level 1. HP: 14/14 MP: 1/1
   199 | D:1      | Reached XP level 2. HP: 17/19 MP: 2/2
   629 | D:1      | Reached skill level 1 in Spellcasting
  1020 | D:2      | Reached XP level 3. HP: 15/24 MP: 4/4
  1196 | D:2      | Found a white marble altar of Elyvilon.
  1205 | D:2      | Reached XP level 4. HP: 29/29 MP: 6/6
  1260 | D:2      | Noticed Robin
  1284 | D:2      | Shot with a stone by a goblin

Illustrated notes

Levels and vault maps discovered:
D:1:      dpeg_arrival_leaves_temple_mockup, layout_basic
D:2:      layout_basic, marbit_many_paths, yredelemnul_altar_generic,
          chequers_ecumenical_altar_lobes, uniq_robin

Skill      XL: |  1  2 |
---------------+-------+-----
Spellcasting   | 1 |  1.7
Throwing       | 3 |  3.8
Fighting       | |  2.0
Short Blades   | |  2.0
Dodging        | |  1.0
Stealth        | |  5.3

Action                   |  1- 3 |  4- 6 || total
-------------------------+-------+-------++-------
Melee: Dagger            |    49 |    17 ||    66
       Constrict         |     9 |     4 ||    13
       Tentacles         |     3 |     1 ||     4
 Stab: Sleeping          |    10 |     3 ||    13
Armor: Skin              |     5 |       ||     5
Dodge: Dodged            |    34 |    12 ||    46
